 Dungeon Crawl Stone Soup version 0.19.1-1-g22dce08 (webtiles) character file.

25349 Gorglomux the Thaumaturge (level 12, -11/68 HPs)
             Began as a Deep Elf Conjurer on Jan 1, 2017.
             Was a High Priest of Vehumet.
             Mangled by a death yak (20 damage)
             ... on level 3 of the Lair of Beasts.
             The game lasted 01:09:12 (17706 turns).

Gorglomux the Thaumaturge (Deep Elf Conjurer)      Turns: 17706, Time: 01:09:14

Health: -11/68     AC:  8    Str:  5    XL:     12   Next: 88%
Magic:  13/32      EV: 19    Int: 29    God:    Vehumet [*****.]
Gold:   970        SH:  0    Dex: 17    Spells: 7 memorised, 13 levels left

rFire  . . .     SeeInvis .     t - +6 hand axe "Qapozari" {flame, +Inv rC+ Dex+2}
rCold  + . .     Gourm    +     a - +0 robe
rNeg   . . .     Faith    .     (no shield)
rPois  .         Spirit   .     R - +2 hat {Int+3}
rElec  .         Reflect  .     F - +1 cloak
rCorr  .         Harm     .     W - +0 pair of gloves
MR     +....                    G - +0 pair of boots
Stlth  ++........               x - amulet of the gourmand
                                D - ring of wizardry
                                (no ring)

@: studying Polearms
A: no striking features
a: Renounce Religion, Evoke Invisibility


You were on level 3 of the Lair of Beasts.
You worshipped Vehumet.
Vehumet was extremely pleased with you.
You were very full.

You visited 3 branches of the dungeon, and saw 14 of its levels.
You also visited: Sewer.

You collected 970 gold pieces.

Inventory:

Hand Weapons
 t - the +6 hand axe "Qapozari" (weapon) {flame, +Inv rC+ Dex+2}
   (You found it on level 4 of the Dungeon)

   It has been specially enchanted to burn those struck by it, causing extra
   injury to most foes and up to half again as much damage against particularly
   susceptible opponents.
   Big, fiery blades are also staple armaments of hydra-hunters.
   It affects your dexterity (+2).
   It protects you from cold.
   It lets you turn invisible.
Armour
 a - a +0 robe (worn)
 F - a +1 cloak (worn)
 G - a +0 pair of boots (worn)
 R - a +2 hat of intelligence (worn)
 W - a +0 pair of gloves (worn)
Jewellery
 x - an amulet of the gourmand (around neck)
 D - a ring of wizardry (right hand)
Wands
 s - a wand of slowing (18/48)
 y - a wand of teleportation (0/9)
 A - a wand of polymorph (8/24)
 J - a wand of paralysis (11/24)
 P - a wand of acid (2/15)
 S - a wand of flame (34/48)
 T - a wand of acid (3/15)
 U - a wand of iceblast (5/15)
Scrolls
 d - 2 scrolls of amnesia
 i - 5 scrolls of teleportation
 k - a scroll of silence {unknown}
 n - 3 scrolls of fog
 o - 5 scrolls of enchant armour
 p - 4 scrolls of blinking
 z - 2 scrolls of fear {unknown}
 K - 3 scrolls of enchant weapon
 N - a scroll of recharging {unknown}
 Q - a scroll of remove curse
 V - a scroll of magic mapping {unknown}
Potions
 e - 3 potions of resistance
 f - a potion of haste {unknown}
 g - a potion of flight {unknown}
 h - 6 potions of curing
 j - 6 potions of lignification
 l - 5 potions of agility
 r - 8 potions of heal wounds
 u - a potion of brilliance {unknown}
 v - 5 potions of might
 B - 2 potions of ambrosia
 E - 2 potions of invisibility {unknown}
 I - a potion of cure mutation {unknown}
Books
 b - a book of Conjurations

   Spells                             Type                      Level
   a - Magic Dart                     Conjuration                  1
   b - Searing Ray                    Conjuration                  2
   c - Dazzling Spray                 Conjuration/Hexes            3
   d - Fulminant Prism                Conjuration/Hexes            4
   e - Iskenderun's Mystic Blast      Conjuration                  4
   f - Iskenderun's Battlesphere      Conjuration/Charms           5
 O - a manual of Polearms
Miscellaneous
 m - a crystal ball of energy
Comestibles
 c - 5 bread rations
 w - 7 meat rations
 C - a slice of pizza
 H - 4 fruits
 L - 11 royal jellies
 M - a beef jerky


   Skills:
 - Level 5.0 Fighting
 + Level 9.7 Dodging
 - Level 2.4 Stealth
 + Level 14.0 Spellcasting
 + Level 13.6 Conjurations
 - Level 5.2 Hexes
 - Level 10.0 Charms
 + Level 7.8 Evocations


You had 13 spell levels left.
You knew the following spells:

 Your Spells              Type           Power        Failure   Level  Hunger
a - Magic Dart            Conj           ####         0%          1    None
b - Searing Ray           Conj           ######       0%          2    None
c - Iskenderun's Mystic   Conj           #######.     1%          4    None
d - Iskenderun's Battles  Conj/Chrm      ######..     1%          5    None
e - Dazzling Spray        Conj/Hex       ######       1%          3    None
f - Fulminant Prism       Conj/Hex       ######....   1%          4    None
g - Orb of Destruction    Conj           #######...   1%          7    #####..


Dungeon Overview and Level Annotations

Branches:
Dungeon (10/15)            Temple (1/1) D:5            Lair (3/6) D:8
 Shoals (0/4) Lair:3        Snake (0/4) Lair:2
    Orc: D:9-12

Altars:
Ashenzari
Cheibriados
Dithmenos
Elyvilon
Fedhas
Gozag
Hepliaklqana
Kikubaaqudgha
Makhleb
Nemelex Xobeh
Okawaru
Qazlal
Ru
Sif Muna
Trog
Uskayaw
Vehumet
Xom
Yredelemnul
Zin
The Shining One

Annotations:
D:3 Vajrapani's ghost, amateur HuWn


Message History

The bat misses you.
The wavering orb of destruction hits the bat.
You blow up the bat!
Vehumet accepts your kill.
You feel your power returning. The bat misses you.
The death yak bellows!
The bat hits you but does no damage. The bat completely misses you.
The bat misses you.
The death yak bellows!
The yak bellows!
The bat closely misses you. The bat misses you.
You hit the bush but do no damage.
The bush is lightly damaged.
You hit the death yak but do no damage. You barely miss the death yak.
You miss the bat. The bat completely misses you. The death yak gores you!
* * * LOW HITPOINT WARNING * * *
The death yak gores you!!
You die...

#§.# #####.....#...## #..#
##†P# ###.....#.# #.## #..###
##..#..#.######.# #....##
#...#>.P.#.#.##.# ##.##.###
###..#...........##
##.#.Y#.###.#..#..P........#.
#P...Y....†.......P....#....F
##.###.####Y#Yb.##....#..#...
#..# ### ##@...............F
##.. #P...#..P.YP..P... P.#
#...+.......#..... #.P
#P......#......... #..
##..#...#...Y..... .(
#P..#.............
##...#.##.........
#................ # ##
#..###.######...>


You could see 2 death yaks and a bat.

Vanquished Creatures
  Gastronok (D:10)
  2 ice dragons (Lair:3)
  Harold (Lair:2)
  A hydra (Lair:2)
  A death yak (Lair:3)
  Sonja (Lair:1)
  2 hill giants
  Pikel (D:8)
  A manticore (Lair:3)
  3 black mambas
  A gargoyle (D:10)
  3 rime drakes
  3 spiny frogs
  4 komodo dragons
  A troll (D:10)
  5 blink frogs (Lair:3)
  6 hippogriffs
  A wraith (D:10)
  13 yaks
  2 basilisks (Lair:2)
  A steam dragon (D:8)
  Grum (Lair:1)
  4 water moccasins
  A slave (D:8)
  3 black bears
  7 orc warriors
  18 ice beasts
  A phantom (D:6)
  An eye of draining (D:8)
  A sky beast (D:7)
  9 ogres
  2 centaurs
  4 wolves (Lair:1)
  9 crocodiles
  10 big kobolds
  8 bullfrogs
  4 scorpions
  5 killer bees
  7 wights
  An electric eel (Lair:2)
  A vampire bat (Lair:3)
  2 howler monkeys
  3 crimson imps
  2 centaur zombies
  A bullfrog zombie (D:7)
  6 jellies
  A quasit (D:10)
  5 hounds
  8 orc priests
  2 gnoll shamans
  5 iguanas
  Ijyb (D:2)
  11 orc wizards
  6 worker ants
  Terence (D:3)
  A killer bee zombie (D:6)
  A hound skeleton (D:4)
  A hound zombie (D:10)
  A worker ant zombie (D:4)
  A howler monkey skeleton (D:8)
  14 adders
  15 gnolls
  2 shadow imps
  9 oozes
  2 adder skeletons
  2 worms (D:2)
  3 dart slugs
  2 leopard geckos (D:8)
  71 orcs
  13 bats
  10 giant cockroaches
  42 goblins
  34 hobgoblins
  10 jackals
  11 quokkas
  3 ball pythons
  8 frilled lizards
  2 gnoll zombies (D:5)
  A jackal skeleton (D:8)
  32 kobolds
  2 leopard gecko skeletons
  A quokka zombie (D:5)
  10 rats
  A fulminant prism (Lair:3)
510 creatures vanquished.

Vanquished Creatures (others)
  2 slaves (D:8)
  A hound (D:8)
  2 orcs (D:8)
  6 fulminant prisms
  3 fungi
  3 plants (Lair:3)
17 creatures vanquished.

Grand Total: 527 creatures vanquished

Notes
Turn   | Place    | Note
-------+----------+-------------------------------------------
     0 | D:1      | Gorglomux the Deep Elf Conjurer began the quest for the Orb.
     0 | D:1      | Reached XP level 1. HP: 10/10 MP: 6/6
   402 | D:1      | Reached XP level 2. HP: 15/15 MP: 5/8
   436 | D:1      | Learned a level 2 spell: Searing Ray
  1009 | D:2      | Reached skill level 5 in Conjurations
  1150 | D:2      | Reached XP level 3. HP: 19/19 MP: 6/9
  1856 | D:2      | Reached XP level 4. HP: 24/24 MP: 7/11
  2364 | D:3      | Reached skill level 4 in Spellcasting
  2368 | D:3      | Noticed Ijyb
  2406 | D:2      | Killed Ijyb
  2406 | D:2      | Reached XP level 5. HP: 10/28 MP: 5/13
  2641 | D:3      | Learned a level 4 spell: Iskenderun's Mystic Blast
  2719 | D:3      | Noticed Vajrapani's ghost (amateur HuWn)
  2910 | D:3      | Learned a level 5 spell: Iskenderun's Battlesphere
  3002 | D:3      | Reached skill level 1 in Charms
  3248 | D:3      | Noticed Terence
  3255 | D:3      | Killed Terence
  4025 | D:2      | Reached XP level 6. HP: 3/32 MP: 6/15
  4417 | D:4      | Found a radiant altar of Vehumet.
  4421 | D:4      | Became a worshipper of Vehumet
  4765 | D:4      | Got a twisted hand axe
  4767 | D:4      | Identified the +6 hand axe "Qapozari" {flame, +Inv rC+ Dex+2} (You found it on level 4 of the Dungeon)
  4833 | D:4      | Found a blossoming altar of Fedhas.
  4902 | D:4      | Found a glowing drain.
  4913 | Sewer    | Entered a sewer
  4925 | Sewer    | Reached skill level 5 in Spellcasting
  5015 | Sewer    | Learned a level 3 spell: Dazzling Spray
  5042 | Sewer    | Reached * piety under Vehumet
  5042 | Sewer    | Offered knowledge of Freeze by Vehumet.
  5096 | Sewer    | Reached XP level 7. HP: 29/36 MP: 1/17
  5542 | D:4      | Reached skill level 6 in Spellcasting
  5662 | D:4      | Offered knowledge of Throw Flame by Vehumet.
  5665 | D:4      | Reached ** piety under Vehumet
  5862 | D:4      | Reached skill level 5 in Charms
  5906 | D:4      | Offered knowledge of Stone Arrow by Vehumet.
  5979 | D:4      | Reached *** piety under Vehumet
  6021 | D:4      | Reached XP level 8. HP: 26/41 MP: 0/19
  6631 | D:5      | Entered Level 5 of the Dungeon
  6650 | D:5      | Learned a level 4 spell: Fulminant Prism
  6873 | D:5      | Reached skill level 7 in Spellcasting
  7054 | D:5      | Offered knowledge of Static Discharge by Vehumet.
  7250 | D:5      | Found a staircase to the Ecumenical Temple.
  7259 | D:5      | Reached skill level 1 in Fighting
  7523 | D:5      | Found a white marble altar of Elyvilon.
  7768 | D:5      | Found a basalt altar of Yredelemnul.
  7838 | Temple   | Entered the Ecumenical Temple
  7922 | D:6      | Reached **** piety under Vehumet
  7983 | D:6      | Reached skill level 8 in Spellcasting
  8005 | D:6      | Offered knowledge of Venom Bolt by Vehumet.
  8010 | D:6      | Reached XP level 9. HP: 48/48 MP: 8/23
  8591 | D:6      | Found an opulent altar of Gozag.
  8906 | D:6      | Reached skill level 10 in Conjurations
  9373 | D:7      | Found a bloodstained altar of Trog.
  9477 | D:7      | Reached skill level 9 in Spellcasting
 10139 | D:8      | Found a sparkling altar of Nemelex Xobeh.
 10301 | D:8      | Reached ***** piety under Vehumet
 10334 | D:8      | Offered knowledge of Airstrike by Vehumet.
 10334 | D:8      | Reached skill level 10 in Charms
 10497 | D:8      | Reached skill level 1 in Hexes
 10569 | D:8      | Found a shimmering altar of Xom.
 10610 | D:8      | Noticed Pikel
 10618 | D:8      | Killed Pikel
 10618 | D:8      | Reached XP level 10. HP: 56/56 MP: 11/25
 10796 | D:8      | Reached skill level 10 in Spellcasting
 11340 | D:8      | Found a staircase to the Lair.
 12215 | D:9      | Reached skill level 5 in Hexes
 12217 | D:9      | Reached skill level 5 in Fighting
 12389 | D:9      | Found a glowing golden altar of the Shining One.
 12402 | D:9      | Noticed a hill giant
 12409 | D:9      | Killed a hill giant
 12438 | D:9      | Reached skill level 11 in Spellcasting
 12956 | D:10     | Entered Level 10 of the Dungeon
 12967 | D:10     | Noticed a hill giant
 12974 | D:10     | Killed a hill giant
 12974 | D:10     | Reached XP level 11. HP: 63/63 MP: 17/28
 13104 | D:10     | Offered knowledge of Orb of Destruction by Vehumet.
 13108 | D:10     | Noticed Gastronok
 13365 | D:10     | Learned a level 7 spell: Orb of Destruction
 13433 | D:10     | Reached skill level 5 in Dodging
 13434 | D:10     | Reached skill level 1 in Evocations
 14040 | D:10     | Killed Gastronok
 14040 | D:10     | Reached skill level 12 in Spellcasting
 14266 | Lair:1   | Entered Level 1 of the Lair of Beasts
 14361 | Lair:1   | Noticed Sonja
 14369 | Lair:1   | Killed Sonja
 14408 | Lair:1   | Noticed Grum
 14410 | Lair:1   | Killed Grum
 15001 | Lair:2   | Reached skill level 5 in Evocations
 15262 | Lair:2   | Noticed a seven-headed hydra
 15266 | Lair:2   | Killed a seven-headed hydra
 15412 | Lair:2   | Noticed Harold
 15472 | Lair:2   | Reached XP level 12. HP: 68/68 MP: 16/30
 15509 | Lair:2   | Killed Harold
 15696 | Lair:2   | Found a staircase to the Snake Pit.
 16312 | Lair:3   | Reached skill level 13 in Spellcasting
 16557 | Lair:3   | Noticed an ice dragon
 17089 | Lair:3   | Noticed an ice dragon
 17170 | Lair:3   | Found a staircase to the Shoals.
 17268 | Lair:3   | Killed an ice dragon
 17568 | Lair:3   | Killed an ice dragon
 17650 | Lair:3   | Noticed a death yak
 17652 | Lair:3   | Noticed a death yak
 17663 | Lair:3   | Offered knowledge of Ozocubu's Refrigeration by Vehumet.
 17668 | Lair:3   | Noticed a death yak
 17670 | Lair:3   | Noticed a death yak
 17685 | Lair:3   | Killed a death yak
 17685 | Lair:3   | Reached skill level 14 in Spellcasting
 17706 | Lair:3   | Mangled by a death yak

Skill      XL: |  1  2  3  4  5  6  7  8  9 10 11 12 |
---------------+-------------------------------------+-----
Conjurations   | 5 6 7 8 9 10 11 12 13 | 13.6
Dodging        | 3 4 7 9 |  9.7
Spellcasting   | 4 5 6 8 9 11 12 14 | 14.0
Charms         | 1 3 5 8 10 | 10.0
Fighting       | 1 3 5 |  5.0
Hexes          | 2 5 |  5.2
Evocations     | 5 7 |  7.8
Stealth        | |  2.4

Action                   |  1- 3 |  4- 6 |  7- 9 | 10-12 || total
-------------------------+-------+-------+-------+-------++-------
Melee: Short sword       |     4 |    16 |       |       ||    20
       Hand axe          |       |    17 |    61 |    21 ||    99
Throw: Stone             |       |     1 |       |       ||     1
 Cast: Magic Dart        |    68 |    50 |   181 |   157 ||   456
       Searing Ray       |     8 |    19 |    26 |    18 ||    71
       Iskenderun's Myst |       |    13 |    39 |    64 ||   116
       Dazzling Spray    |       |     3 |    33 |    58 ||    94
       Iskenderun's Batt |       |       |    22 |    47 ||    69
       Fulminant Prism   |       |       |       |     7 ||     7
       Orb of Destructio |       |       |       |    28 ||    28
Evoke: Wand              |       |       |       |     7 ||     7
       Crystal ball of e |       |       |       |     8 ||     8
  Use: Scroll            |       |     3 |     8 |    11 ||    22
       Potion            |       |     1 |       |     4 ||     5
 Stab: Sleeping          |       |     1 |     1 |       ||     2
  Eat: Chunk             |     3 |    12 |    39 |    34 ||    88
Armor: Robe              |     1 |     8 |    16 |    19 ||    44
Dodge: Dodged            |    11 |    55 |    97 |    82 ||   245
